 Dungeon Crawl Stone Soup version 0.31-a0-1405-g2bb1a01664 (webtiles) character file.

Game seed: 5317931076783729709

216 randomguy2701 the Gusty (level 5, 0/28 HPs)
             Began as a Tengu Air Elementalist on Dec 26, 2023.
             Slain by Grinder (8 damage)
             ... on level 3 of the Dungeon.
             The game lasted 00:05:54 (3619 turns).

randomguy2701 the Gusty (Tengu Air Elementalist)    Turns: 3619, Time: 00:05:55

Health: 0/28       AC:  3    Str:  9    XL:     5   Next: 93%
Magic:  1/10       EV: 12    Int: 17    God:
Gold:   142        SH:  0    Dex: 14    Spells: 5/10 levels left

rFire   . . .        l - +0 short sword
rCold   . . .        (no shield)
rNeg    . . .        a - +0 robe
rPois   .            (helmet restricted)
rElec   .            (no cloak)
rCorr   .            n - +0 pair of gloves
SInv    .            (boots unavailable)
Will    .....        (no amulet)
Stlth   ++           (no ring)
HPRegen 0.24/turn    (no ring)
MPRegen 0.12/turn

%: acrobat
@: no status effects
A: beak, talons 3, acrobatic
a: no special abilities


You were on level 3 of the Dungeon.
You visited 1 branch of the dungeon, and saw 4 of its levels.

You collected 142 gold pieces.

Inventory:

Hand Weapons
 l - a +0 short sword (weapon)
Armour
 a - a +0 robe (worn)
 n - a +0 pair of gloves (worn)
Scrolls
 c - 2 scrolls of immolation {unknown}
 d - a scroll of summoning {unknown}
 e - a scroll of enchant armour {unknown}
 f - 2 scrolls of blinking {unknown}
 g - a scroll of torment {unknown}
 i - 2 scrolls of revelation {unknown}
 j - 2 scrolls of amnesia {unknown}
 k - 3 scrolls of teleportation {unknown}
 m - 3 scrolls of identify {unknown}
 q - a scroll of fear {unknown}
Potions
 b - a potion of magic
 h - 2 potions of degeneration {unknown}
 o - 2 potions of curing {unknown}
 p - a potion of might {unknown}


   Skills:
 + Level 0.1 Fighting
 + Level 2.4 Dodging
 + Level 2.1 Stealth
 + Level 3.1 Spellcasting
 + Level 3.8 Conjurations
 + Level 6.3 Air Magic


You had 5 spell levels left.
You knew the following spells:

 Your Spells              Type           Power      Damage    Failure   Level
a - Shock                 Conj/Air       80%        1d8       2%          1
b - Airstrike             Air            12%        2d(2-18)  13%         4

Your spell library contained the following spells:

 Spells                   Type           Power      Damage    Failure   Level
 Static Discharge         Conj/Air       40%        3-5/arc   3%          2
 Swiftness                Air            24%        N/A       3%          3


Dungeon Overview and Level Annotations

Branches:
Dungeon (4/15)
 Temple: D:4-7

Altars:
Makhleb

Annotations:
D:3 Grinder


Innate Abilities, Weirdness & Mutations

You have a beak for a mouth.
You have claws for feet.
You can magically evade attacks while moving or waiting.


Message History

Press: ? - help, Dir - move target, f - Grinder
Aim: Grinder (empty space bonus: 7/8)
The air twists around and strikes Grinder!
Grinder is moderately wounded.
Grinder hits you.
Unknown command.
Casting: Airstrike (extremely dangerous; 13% risk of failure)
Confirm with . or Enter, or press ? or * to list all spells.
Aiming: Airstrike (extremely dangerous; 13% risk of failure)
Press: ? - help, Dir - move target, f/p - Grinder
Aim: Grinder (moderately wounded, empty space bonus: 7/8)
The air twists around and strikes Grinder!!
Grinder is severely wounded.
Grinder hits you.
Unknown command.
Casting: Airstrike (extremely dangerous; 13% risk of failure)
Confirm with . or Enter, or press ? or * to list all spells.
You don't have enough magic to cast this spell.
The zap misses Grinder.
Grinder hits you!
The zap hits Grinder.
Grinder is almost dead.
Grinder gestures at you. You resist with significant effort.
You are out of magic!
You closely miss Grinder. You claw Grinder.
Grinder is almost dead.
Grinder hits you.
You writhe in agony.
* * * LOW HITPOINT WARNING * * *
You hit Grinder but do no damage.
Grinder is almost dead.
Grinder gestures at you.
You suddenly lose the ability to move!
Grinder gestures at you.
You shrug off the repeated paralysis!
You can move again.
You hit Grinder but do no damage. You claw Grinder, but do no damage.
Grinder is almost dead.
Grinder hits you!
You die...
Grinder says, "Now the real fun starts!"

.# #.....#
#...)............# .#
###.### ############.#####
.# #.# #.# .# #.# #.# .#
#.# #.# .# #.# ##### #.# .#
#.######...## #.# .#
#.....#..>..######.# .#
####....5@.........# .#
#...#.............# .#
#.#...#([.#######.# .#
###......#.########.# .###
#...>...............#
...####.#......#.#..####..#
##............##.#..#
#..#######
##.####...##.###.#..#
#..†...... ...# #..###.#
#.#..# ##.#######


You could see Grinder.

Vanquished Creatures
  A water moccasin zombie (D:4)
  A centaur zombie (D:4)
  4 adders
  An adder zombie (D:4)
  2 dart slugs
  15 orcs
  4 bats
  5 endoplasms
  A giant cockroach (D:3)
  4 goblins
  4 jackals (D:3)
  8 kobolds
  3 quokkas
  5 ball pythons
  3 frilled lizards
  6 rats
67 creatures vanquished.

Notes
Turn   | Place    | Note
-------+----------+-------------------------------------------
     0 | D:1      | randomguy2701 the Tengu Air Elementalist began the quest
                  | for the Orb.
     0 | D:1      | Reached XP level 1. HP: 10/10 MP: 4/4
   219 | D:1      | Reached XP level 2. HP: 15/15 MP: 0/6
  1169 | D:2      | Reached skill level 5 in Air Magic
  1631 | D:2      | Reached XP level 3. HP: 18/19 MP: 4/7
  2450 | D:3      | Found a burning altar of Makhleb.
  2450 | D:3      | Noticed a green death
  2501 | D:3      | Reached XP level 4. HP: 24/24 MP: 3/8
  3116 | D:4      | Noticed a black bear
  3141 | D:3      | Learned a level 4 spell: Airstrike
  3267 | D:4      | Reached skill level 6 in Air Magic
  3271 | D:4      | Reached XP level 5. HP: 28/28 MP: 1/9
  3487 | D:4      | Noticed Grinder
  3617 | D:3      | Paralysed by Grinder for 2 turns
  3619 | D:3      | Slain by Grinder

Illustrated notes

Levels and vault maps discovered:
D:1:      psy_arrival_terrarium, layout_loops_ring, minmay_pentomino_t4
D:2:      layout_basic, nicolae_elevator_lobby_asterisk
D:3:      layout_loops_ring, makhleb_altar_promises_db
D:4:      layout_rooms, serial_undead, serial_undead_d, serial_undead_d,
          serial_undead_d, serial_undead_f, serial_shops, shop, uniq_grinder

Skill      XL: |  1  2  3  4  5 |
---------------+----------------+-----
Air Magic      | 5 6 |  6.3
Conjurations   | 2 3 |  3.8
Spellcasting   | 3 |  3.1
Fighting       | |  0.1
Dodging        | |  2.4
Stealth        | |  2.1

Action                     |  1- 3 |  4- 6 || total
---------------------------+-------+-------++-------
  Melee: Short sword       |     5 |    17 ||    22
         Kick              |     2 |     3 ||     5
         Peck              |     2 |     2 ||     4
   Cast: Shock             |    76 |    68 ||   144
         Airstrike         |       |     2 ||     2
 Armour: Robe              |     5 |    32 ||    37
  Dodge: Dodged            |     7 |    39 ||    46

Table legend: (Time is in decaauts)
 A = Elapsed time spent in this place.
 B = Non-inter-level travel time spent in this place.
 C = Inter-level travel time spent in this place.
 D = Time resting spent in this place.
 E = Time spent auto-exploring this place.
 F = Levels seen in this place.
 G = Mean time per level.
                   A        B        C        D        E       F      G
               +--------+--------+--------+--------+--------+-----+--------+
         Total |   3621 |   3415 |    206 |      0 |   3060 |   4 |  905.2 |
       Dungeon |   3621 |   3415 |    206 |      0 |   3060 |   4 |  905.2 |
               +--------+--------+--------+--------+--------+-----+--------+

Top non-repeatable levels by time:
     D:3: 1421 daAuts
     D:2: 974 daAuts
     D:1: 887 daAuts
     D:4: 338 daAuts
